 Dungeon Crawl Stone Soup version 0.18.1-5-g4a78601 (webtiles) character file.

1339 varam the Ruffian (level 8, 0/63 HPs)
             Began as a Demigod Transmuter on May 9, 2016.
             Slain by an orc warrior
             ... wielding a +0 war axe
              (8 damage)
             ... on level 6 of the Dungeon.
             The game lasted 00:19:32 (7356 turns).

varam the Ruffian (Demigod Transmuter)              Turns: 7356, Time: 00:19:33

Health: 0/63       AC:  2    Str: 17    XL:     8   Next: 13%
Magic:  12/18      EV: 20    Int: 17    God:
Gold:   295        SH:  0    Dex: 21    Spells: 4 memorised, 5 levels left

rFire  . . .     SeeInvis .       - Unarmed
rCold  . . .     Gourm    .     (armour currently unavailable)
rNeg   . . .     Faith    .     (shield currently unavailable)
rPois  x         Spirit   .     (helmet currently unavailable)
rElec  .         Dismiss  .     (cloak currently unavailable)
rCorr  .         Reflect  .     (gloves currently unavailable)
SustAt +         Harm     .     (boots currently unavailable)
MR     .....     Rnd*Tele +     (no amulet)
Stlth  ++........               (no ring)
                                h - ring of teleportation (curse)

@: spider-form, not resistant to hostile enchantments, unstealthy
A: high mp 1, sustain attributes
a: End Transformation


You were on level 6 of the Dungeon.
You were not hungry.
You were a venomous arachnid creature.
You visited 1 branch of the dungeon, and saw 6 of its levels.

You collected 295 gold pieces.

Inventory:

Missiles
 a - 85 arrows
Armour
 b - a +0 robe
 g - a +0 pair of gloves (melded)
 o - a +0 pair of boots (melded)
 r - an ice dragon hide
 w - a +0 leather armour (melded)
Jewellery
 h - a cursed ring of teleportation (left front leg)
Wands
 s - a wand of iceblast (6/15)
 z - a wand of lightning (5/15)
Scrolls
 e - a scroll of fear
 j - a scroll of enchant weapon
 k - 2 scrolls of blinking
 l - a scroll of remove curse {unknown}
 m - 2 scrolls of magic mapping
 t - a scroll of amnesia
 y - 2 scrolls of identify
Potions
 f - 2 potions of agility {unknown}
 n - 2 potions of magic {unknown}
 p - a potion of curing {unknown}
 q - 2 potions of haste {unknown}
 u - 2 potions of brilliance {unknown}
 x - a potion of mutation {unknown}
 A - a potion of degeneration {unknown}
Books
 c - a book of Changes

   Spells                             Type                      Level
   a - Beastly Appendage              Transmutation                1
   b - Sticks to Snakes               Transmutation                2
   c - Spider Form                    Transmutation/Poison         3
   d - Ice Form                       Ice/Transmutation            4
   e - Blade Hands                    Transmutation                5
Comestibles
 d - 4 bread rations
 i - 3 meat rations


   Skills:
 - Level 3.1 Fighting
 - Level 1.7 Dodging
 + Level 6.2 Unarmed Combat
 + Level 4.6 Spellcasting
 + Level 5.0 Transmutations


You had 5 spell levels left.
You knew the following spells:

 Your Spells              Type           Power        Failure   Level  Hunger
a - Sticks to Snakes      Trmt           ###.....     10%         2    ##.....
b - Beastly Appendage     Trmt           ###...       8%          1    None
c - Spider Form           Trmt/Pois      ##........   36%         3    ###....
d - Blade Hands           Trmt           ###.......   78%         5    ######.


Dungeon Overview and Level Annotations

Branches:
Dungeon (6/15)
 Temple: D:4-7

Shops:
D:5 *


Innate Abilities, Weirdness & Mutations

You have an increased reservoir of magic (+10% MP).
Your attributes are resistant to harm.


Message History

You hit the orc warrior.
The orc warrior is poisoned.
The orc warrior is lightly wounded.
The orc warrior hits you with a war axe!
You hit the orc warrior but do no damage.
The orc warrior is lightly wounded.
The orc misses you.
You hit the orc warrior but do no damage.
The orc warrior looks even sicker.
The orc warrior is moderately wounded.
The orc warrior hits you with a war axe!!
* * * LOW HITPOINT WARNING * * *
The orc completely misses you.
You hit the orc warrior but do no damage.
The orc warrior is moderately wounded.
The orc warrior closely misses you. The orc misses you.
Unknown command.
You hit the orc warrior but do no damage.
The orc warrior is almost dead.
The orc warrior hits you with a war axe!
You die...

....#.........#....
...############...
#...........##...
#...........'.... #####
#...........#.... #.....
#...........#....
#....(#####...........#.##.
#.....)...>...############.
#........os...# #..
#.......)o....# #..
#.............# #..
#.............# #..
#.............# #..
#.......).....# ###
###############


You could see an orc warrior and an orc.

Vanquished Creatures
  5 ogres (D:4)
  A centaur (D:5)
  A giant frog (D:6)
  A wyvern skeleton (D:6)
  A scorpion (D:5)
  2 howler monkeys
  A crimson imp (D:5)
  2 jellies
  3 hounds
  A giant frog zombie (D:6)
  2 orc wizards (D:6)
  8 worker ants
  A howler monkey skeleton (D:4)
  An adder (D:3)
  A shadow imp (D:5)
  2 oozes
  An adder skeleton (D:4)
  An adder zombie (D:6)
  4 worms
  4 giant geckos
  7 orcs
  6 bats
  6 giant cockroaches
  7 goblins
  8 hobgoblins
  9 jackals
  6 kobolds
  6 quokkas
  2 ball pythons
  A giant cockroach zombie (D:6)
  4 giant newts
  A quokka skeleton (D:4)
  A quokka zombie (D:6)
  4 rats (D:1)
111 creatures vanquished.

Notes
Turn   | Place    | Note
--------------------------------------------------------------
     0 | D:1      | varam the Demigod Transmuter began the quest for the Orb.
     0 | D:1      | Reached XP level 1. HP: 15/15 MP: 5/5
    96 | D:1      | Reached skill level 3 in Unarmed Combat
   474 | D:1      | Reached XP level 2. HP: 21/22 MP: 5/7
  1402 | D:2      | Reached XP level 3. HP: 16/27 MP: 6/8
  1749 | D:2      | Reached skill level 4 in Unarmed Combat
  1822 | D:2      | Learned a level 2 spell: Sticks to Snakes
  3008 | D:4      | Noticed an ogre
  3015 | D:4      | Killed an ogre
  3015 | D:4      | Reached XP level 4. HP: 17/34 MP: 7/10
  3015 | D:4      | Reached XP level 5. HP: 19/39 MP: 7/11
  3083 | D:4      | Noticed an ogre
  3093 | D:4      | Killed an ogre
  3093 | D:4      | Reached skill level 5 in Unarmed Combat
  3288 | D:4      | Noticed an ogre
  3310 | D:4      | Killed an ogre
  3310 | D:4      | Reached XP level 6. HP: 18/46 MP: 13/13
  3723 | D:4      | Learned a level 3 spell: Spider Form
  3732 | D:4      | Reached skill level 1 in Fighting
  4427 | D:4      | Reached skill level 6 in Unarmed Combat
  4524 | D:4      | Reached XP level 7. HP: 18/53 MP: 15/15
  4734 | D:4      | Learned a level 5 spell: Blade Hands
  5067 | D:5      | Entered Level 5 of the Dungeon
  5269 | D:5      | You fall through a shaft!
  5269 | D:6      | Found a sacrificial altar of Ru.
  5691 | D:5      | Found a shadowy altar of Dithmenos.
  5943 | D:5      | Found a glowing golden altar of the Shining One.
  6266 | D:5      | Found Odit's Assorted Antiques.
  6866 | D:6      | Reached XP level 8. HP: 63/63 MP: 13/18
  6938 | D:6      | Reached skill level 5 in Transmutations
  7356 | D:6      | Slain by an orc warrior

Skill      XL: |  1  2  3  4  5  6  7  8 |
---------------+-------------------------+-----
Unarmed Combat | 3 4 5 6 |  6.2
Transmutations | 2 3 4 5 |  5.0
Spellcasting   | 2 3 4 |  4.6
Fighting       | 1 3 |  3.1
Dodging        | |  1.7

Action                   |  1- 3 |  4- 6 |  7- 9 || total
-------------------------+-------+-------+-------++-------
Melee: Unarmed           |   162 |   117 |   101 ||   380
       Kick              |     7 |       |       ||     7
       Headbutt          |    28 |    20 |       ||    48
       Punch             |     1 |     2 |       ||     3
 Cast: Beastly Appendage |    43 |    15 |     1 ||    59
       Sticks to Snakes  |     1 |       |     2 ||     3
       Spider Form       |       |     2 |    21 ||    23
  Use: Scroll            |       |     5 |       ||     5
 Stab: Sleeping          |     1 |       |       ||     1
       Distracted        |     1 |       |       ||     1
       Invisible         |       |       |     1 ||     1
       Paralysed         |       |       |     1 ||     1
  Eat: Chunk             |     7 |     4 |     2 ||    13
       Pizza             |       |     1 |       ||     1
       Meat ration       |       |       |     2 ||     2
Armor: Robe              |    37 |    27 |     2 ||    66
       Leather armour    |       |       |     1 ||     1
Dodge: Dodged            |    92 |    73 |    84 ||   249
